 Dungeon Crawl Stone Soup version 0.30.1-11-g7821555f0a (webtiles) character file.

Game seed: 5390752622025381911

70 lonewolfV2 the Covered (level 4, -8/38 (39) HPs)
             Began as a Minotaur Fighter on Nov 3, 2023.
             Mangled by Crazy Yiuf
             ... wielding a +3 quarterstaff of chaos
              (9 damage)
             ... on level 2 of the Dungeon.
             The game lasted 00:02:00 (1662 turns).

lonewolfV2 the Covered (Minotaur Fighter)           Turns: 1662, Time: 00:02:00

HP:   -8/38 (39)    AC: 12    Str: 20    XL:     4   Next: 4%
MP:   3/3           EV:  6    Int:  5    God:
Gold: 68            SH:  4    Dex: 12    Spells: 3/3 levels left

rFire   . . .        a - +1 war axe
rCold   . . .        c - +0 buckler
rNeg    . . .        f - +0 plate armour
rPois   .            (helmet restricted)
rElec   .            (no cloak)
rCorr   .            (no gloves)
SInv    .            (no boots)
Will    .....        (no amulet) Stlth
                     (no ring)
HPRegen 0.26/turn    (no ring)
MPRegen 0.08/turn

%: no passive effects
@: hasted, lightly drained, very quick
A: horns 2, retaliatory headbutt
a: no special abilities


You were on level 2 of the Dungeon.
You visited 1 branch of the dungeon, and saw 2 of its levels.

You collected 68 gold pieces.

Inventory:

Hand Weapons
 a - a +1 war axe (weapon)
Armour
 c - a +0 buckler (worn)
 f - a +0 plate armour (worn)
Scrolls
 b - 2 scrolls of teleportation {unknown}
 j - 2 scrolls of identify
 m - 2 scrolls of enchant weapon
Potions
 d - a potion of might
 e - 2 potions of degeneration {unknown}
 g - a potion of curing
 h - a potion of haste {unknown}
 i - 2 potions of resistance
 k - a potion of heal wounds
 l - a potion of magic {unknown}


   Skills:
 - Level 3.6 Fighting
 - Level 2.4 Axes
 + Level 4.4 Armour
 * Level 3.3 Dodging
 - Level 3.6 Shields


You had 3 spell levels left.
You didn't know any spells.
Your spell library was empty.

Dungeon Overview and Level Annotations

Branches:
Dungeon (2/15)

Altars:

Annotations:
D:2 Crazy Yiuf


Innate Abilities, Weirdness & Mutations

You have a pair of horns on your head.
You reflexively headbutt those who attack you in melee.


Message History

You closely miss Crazy Yiuf.
Crazy Yiuf is heavily wounded.
Crazy Yiuf hits you but does no damage. Space warps horribly around you!
You hit Crazy Yiuf.
Crazy Yiuf is severely wounded.
Crazy Yiuf hits you but does no damage.
You feel yourself speed up. Crazy Yiuf barely misses you.
You hit Crazy Yiuf but do no damage. You headbutt Crazy Yiuf.
Crazy Yiuf is severely wounded.
Crazy Yiuf barely misses you.
You closely miss Crazy Yiuf. Your headbutt misses Crazy Yiuf.
Crazy Yiuf is severely wounded.
You closely miss Crazy Yiuf.
Crazy Yiuf is severely wounded.
Crazy Yiuf hits you but does no damage.
You closely miss Crazy Yiuf.
Crazy Yiuf is severely wounded.
Crazy Yiuf hits you but does no damage.
You feel drained.
You hit Crazy Yiuf.
Crazy Yiuf is severely wounded.
Crazy Yiuf hits you with a +3 quarterstaff of chaos.
Crazy Yiuf burns you.
You closely miss Crazy Yiuf. You headbutt Crazy Yiuf.
Crazy Yiuf is almost dead.
Crazy Yiuf hits you with a +3 quarterstaff of chaos!
You hit Crazy Yiuf.
Crazy Yiuf is almost dead.
Crazy Yiuf hits you with a +3 quarterstaff of chaos!
* * * LOW HITPOINT WARNING * * *
Crazy Yiuf draws strength from your wounds!
You hit Crazy Yiuf.
Crazy Yiuf is severely wounded.
Crazy Yiuf hits you with a +3 quarterstaff of chaos.
* * * LOW HITPOINT WARNING * * *
You closely miss Crazy Yiuf.
Crazy Yiuf is severely wounded.
Crazy Yiuf hits you with a +3 quarterstaff of chaos.
* * * LOW HITPOINT WARNING * * *
Space warps horribly around you!
You die...

#.........####....####.###.####.
#######.### #....# #.........#.
#.### ♣PP..♣ #........... #...#
♣♣P..♣ ##.###.##... ###.# ♣♣.♣♣
#.......... #.# ♣♣.♣ #.#......[.
#.# ♣.♣♣ ##...#.##### #.# ♣♣.♣
#...)..# #.# ♣@♣♣ #.....## #.#
#g# ###.#.# #.# ... #.#.# #.#
#...# ###.#.# #.# #)..# #...#.#
### ##### ##..#.# #..#.# ####
#..#.# #..# #..#.#


You could see Crazy Yiuf.

Vanquished Creatures
  3 adders (D:2)
  9 endoplasms
  2 giant cockroaches (D:1)
  2 goblins
  7 hobgoblins
  6 ball pythons
  2 bats
  A frilled lizard (D:2)
  2 kobolds (D:2)
  5 rats
39 creatures vanquished.

Notes
Turn   | Place    | Note
-------+----------+-------------------------------------------
     0 | D:1      | lonewolfV2 the Minotaur Fighter began the quest for the
                  | Orb.
     0 | D:1      | Reached XP level 1. HP: 19/19 MP: 0/0
   101 | D:1      | Reached skill level 1 in Dodging
   136 | D:1      | Reached XP level 2. HP: 14/26 MP: 1/1
   379 | D:1      | Reached skill level 4 in Armour
   912 | D:2      | Reached XP level 3. HP: 30/31 MP: 2/2
  1027 | D:2      | Found a runed translucent door.
  1028 | D:2      | Noticed Crazy Yiuf
  1469 | D:2      | Reached XP level 4. HP: 36/39 MP: 3/3
  1662 | D:2      | HP: 1/38 [Crazy Yiuf/+3 quarterstaff of chaos (2)]
  1662 | D:2      | Mangled by Crazy Yiuf

Illustrated notes

Levels and vault maps discovered:
D:1:      psy_arrival_fountain, layout_loops_ring
D:2:      minmay_evil_eye, layout_loops_ring, uniq_crazy_yiuf_cottage

Skill      XL: |  1  2  3 |
---------------+----------+-----
Dodging        | 1 2 3 |  3.3
Armour         | 4 |  4.4
Fighting       | |  3.6
Axes           | |  2.4
Shields        | |  3.6

Action                     |  1- 3 |  4- 6 || total
---------------------------+-------+-------++-------
  Melee: War axe           |    66 |    15 ||    81
         Headbutt          |     9 |     2 ||    11
    Use: Scroll            |     6 |       ||     6
 Armour: Scale mail        |    15 |       ||    15
         Plate armour      |    39 |     8 ||    47
  Dodge: Dodged            |    38 |     2 ||    40
  Block: Buckler           |    17 |       ||    17
